 Dungeon Crawl Stone Soup version 0.29-a0-266-gf56f883ddd (webtiles) character file.

Game seed: 2673220155462182305

600 Zonian the Chiller (level 7, -5/46 HPs)
             Began as a Demonspawn Ice Elementalist on Mar 7, 2022.
             Slain by an orc wizard
             ... wielding a +0 dagger of electrocution
              (20 damage)
             ... on level 4 of the Dungeon.
             The game lasted 00:09:03 (5183 turns).

Zonian the Chiller (Demonspawn Ice Elementalist)    Turns: 5183, Time: 00:09:04

Health: -5/46      AC:  5    Str:  8    XL:     7   Next: 18%
Magic:  8/13       EV: 13    Int: 23    God:
Gold:   229        SH:  0    Dex: 13    Spells: 7/14 levels left

rFire   + . .      SeeInvis .   d - +3 short sword
rCold   x . .      Faith    .   (no shield)
rNeg    . . .      Spirit   .   a - +1 robe
rPois   +          Reflect  .   m - +0 helmet
rElec   .          Harm     .   (no cloak)
rCorr   .          Rampage  .   q - +0 pair of gloves
Will    .....                   (no boots)
Stlth   +++.......              z - amulet of regeneration
HPRegen 0.95/turn               k - ring of poison resistance
MPRegen 0.13/turn               e - ring of fire

@: freezing walls
A: big brain 2, demonic touch 2
a: no special abilities


You were on level 4 of the Dungeon.
You visited 1 branch of the dungeon, and saw 4 of its levels.

You collected 229 gold pieces.

Inventory:

Hand Weapons
 c - a +0 dagger
 d - a +3 short sword (weapon)
 s - a +0 trident
 t - a +0 falchion
Armour
 a - a +1 robe (worn)
 h - a +0 animal skin
 i - a +4 ring mail
 m - a +0 helmet (worn)
 p - a +0 ring mail of cold resistance
 q - a +0 pair of gloves (worn)
Jewellery
 e - a ring of fire (right hand)
 k - a ring of poison resistance (left hand)
 l - a ring of fire
 z - an amulet of regeneration (around neck)
Wands
 r - a wand of iceblast (6)
 u - a wand of paralysis (8)
 y - a wand of flame (27)
Scrolls
 j - a scroll of teleportation {unknown}
 n - a scroll of amnesia {unknown}
 o - a scroll of blinking {unknown}
 v - a scroll of identify
Potions
 b - 3 potions of magic
 f - a potion of invisibility
 g - a potion of degeneration {unknown}
 x - a potion of cancellation {unknown}
 A - a potion of heal wounds {unknown}


   Skills:
 + Level 3.8 Dodging
 + Level 4.2 Stealth
 + Level 4.0 Spellcasting
 + Level 5.0 Ice Magic


You had 7 spell levels left.
You knew the following spells:

 Your Spells              Type           Power      Damage    Failure   Level
a - Freeze                Ice            100%       1d11      1%          1
b - Frozen Ramparts       Ice            54%        1d7       4%          3
c - Ozocubu's Armour      Ice            27%        N/A       4%          3

Your spell library contained the following spells:

 Spells                   Type           Power      Damage    Failure   Level
 Animate Skeleton         Necr           8%         N/A       11%         1
 Pain                     Necr           16%        1d4       11%         1
 Slow                     Hex            16%        N/A       11%         1
 Confusing Touch          Hex            4%         N/A       30%         3
 Vampiric Draining        Necr           4%         2d6       30%         3
 Hailstorm                Conj/Ice       16%        3d6       36%         4


Dungeon Overview and Level Annotations

Branches:
Dungeon (4/15)
 Temple: D:4-7

Altars:
Sif Muna


Innate Abilities, Weirdness & Mutations

You have an extremely huge brain. (Int +4)
Your touch may inflict irresistible damage on your foes.


Message History

You hit the orc wizard.
The orc wizard is lightly wounded.
The orc wizard misses you.
The wall freezes the orc priest.
Unknown command.
You barely miss the orc priest.
The orc priest is heavily wounded.
The orc wizard casts a spell at you. The puff of flame hits you. You resist.
The wall freezes the orc priest.
The orc priest calls down the wrath of Beogh upon you.
Pain shoots through your body!
You hit the orc priest.
The orc priest is severely wounded.
The orc wizard hits you but does no damage.
You are electrocuted!!
* * * LOW HITPOINT WARNING * * *
The wall freezes the orc priest.
The orc priest hits you with a +0 mace.
* * * LOW HITPOINT WARNING * * *
You feel better.
The orc wizard hits you with a +0 dagger of electrocution.
The wall freezes the orc priest.
You kill the orc priest!
Your Spellcasting skill increases to level 4!
Casting: Frozen Ramparts (dangerous; 4% risk of failure)
Confirm with . or Enter, or press ? or * to list all spells.
Aiming: Freeze (safe; 1% risk of failure)
Press: ? - help, Shift-Dir - straight line, f - orc wizard
Aim: an orc wizard, wielding a +0 dagger of electrocution and wearing a +0 robe (lightly wounded)
You freeze the orc wizard.
The orc wizard is heavily wounded.
The orc wizard hits you with a +0 dagger of electrocution.
Casting: Freeze (safe; 1% risk of failure)
Confirm with . or Enter, or press ? or * to list all spells.
Aiming: Freeze (safe; 1% risk of failure)
Press: ? - help, Shift-Dir - straight line, f/p - orc wizard
Aim: an orc wizard, wielding a +0 dagger of electrocution and wearing a +0 robe (heavily wounded)
You freeze the orc wizard.
The orc wizard is severely wounded.
The orc wizard hits you but does no damage.
You are electrocuted!!
You die...

...o..# ....o.# ..>o..# #
####### ......# ##.
######.....# ......#
###..########......#####
.....K###.............######
..................#####
.......o#.#.....o...#######
......###......)@..)))....####
.......######..##########....#
.............. #######....#
.......=o.....## ..........##
###.............#########...#
###.....o................####
..........o.......#####..#≈#
....................###.##[#
.....................#..##≈#


You could see an orc wizard.

Vanquished Creatures
  A steam dragon (D:4)
  The ghost of pigah the Gusty, an amateur OpAE (D:4)
  A howler monkey (D:4)
  2 orc priests (D:4)
  An orc wizard (D:3)
  3 iguanas (D:4)
  Robin (D:3)
  5 adders
  7 dart slugs
  10 orcs
  4 endoplasms
  2 giant cockroaches
  15 goblins
  8 hobgoblins
  2 jackals (D:3)
  2 quokkas
  5 ball pythons
  2 bats
  5 frilled lizards
  7 kobolds
  6 rats
90 creatures vanquished.

Notes
Turn   | Place    | Note
-------+----------+-------------------------------------------
     0 | D:1      | Zonian the Demonspawn Ice Elementalist began the quest for
                  | the Orb.
     0 | D:1      | Reached XP level 1. HP: 13/13 MP: 3/3
   430 | D:1      | Gained mutation: Your touch may inflict minor irresistible
                  | damage on your foes. [demonic ancestry]
   430 | D:1      | Reached XP level 2. HP: 13/19 MP: 3/5
  1441 | D:1      | Gained mutation: Your touch may inflict irresistible damage
                  | on your foes. [demonic ancestry]
  1441 | D:1      | Reached XP level 3. HP: 24/24 MP: 3/6
  2207 | D:2      | Reached skill level 4 in Ice Magic
  2304 | D:2      | Found a shimmering blue altar of Sif Muna.
  2505 | D:3      | Gained mutation: You have an unusually large brain. (Int
                  | +2) [demonic ancestry]
  2505 | D:3      | Reached XP level 4. HP: 30/30 MP: 7/7
  3114 | D:3      | Noticed Robin
  3123 | D:3      | Killed Robin
  3388 | D:3      | Learned a level 3 spell: Frozen Ramparts
  3392 | D:3      | Learned a level 3 spell: Ozocubu's Armour
  3470 | D:3      | Gained mutation: You have an extremely huge brain. (Int +4)
                  | [demonic ancestry]
  3470 | D:3      | Reached XP level 5. HP: 23/35 MP: 5/9
  4411 | D:4      | Noticed a steam dragon
  4660 | D:4      | Killed a steam dragon
  4661 | D:4      | Reached XP level 6. HP: 18/41 MP: 9/11
  4910 | D:4      | Found a runed translucent door.
  4910 | D:4      | Noticed pigah's ghost (amateur OpAE)
  4927 | D:4      | Killed pigah's ghost
  5066 | D:4      | Reached XP level 7. HP: 42/46 MP: 8/12
  5084 | D:4      | Reached skill level 5 in Ice Magic
  5183 | D:4      | Slain by an orc wizard

Illustrated notes

Levels and vault maps discovered:
D:1:      wheals_arrival_shading, layout_basic, st_stairs_5,
          minmay_misc_feat_rows, grunt_decor_arrowhead, minivault_4,
          minmay_door_square
D:2:      layout_loops_ring, basic_altar, minmay_tromino_i2
D:3:      layout_loops_ring, serial_park_tiny_2, uniq_robin
D:4:      layout_rooms, minmay_temple_entry_statues_fountains,
          ebering_ghost_sewer_d

Skill      XL: |  1  2  3  4  5  6  7 |
---------------+----------------------+-----
Dodging        | 2 3 |  3.8
Stealth        | 2 3 4 |  4.2
Ice Magic      | 4 5 |  5.0
Spellcasting   | 3 4 |  4.0

Action                   |  1- 3 |  4- 6 |  7- 9 || total
-------------------------+-------+-------+-------++-------
Melee: Unarmed           |    12 |       |       ||    12
       Dagger            |     1 |       |       ||     1
       Short sword       |    66 |    81 |     8 ||   155
       Touch             |     7 |    14 |       ||    21
 Cast: Freeze            |    19 |    28 |     2 ||    49
       Frozen Ramparts   |       |     3 |     2 ||     5
Evoke: Wand              |       |     2 |       ||     2
  Use: Scroll            |     1 |     3 |       ||     4
       Potion            |       |     1 |     1 ||     2
 Stab: Sleeping          |     3 |     3 |       ||     6
Armor: Robe              |    22 |    35 |     3 ||    60
Dodge: Dodged            |    61 |    80 |     8 ||   149

Table legend: (Time is in decaauts)
 A = Elapsed time spent in this place.
 B = Non-inter-level travel time spent in this place.
 C = Inter-level travel time spent in this place.
 D = Time resting spent in this place.
 E = Time spent auto-exploring this place.
 F = Levels seen in this place.
 G = Mean time per level.
                   A        B        C        D        E       F      G
               +--------+--------+--------+--------+--------+-----+--------+
         Total |   5205 |   5083 |    122 |   1498 |   2780 |   4 | 1301.2 |
       Dungeon |   5205 |   5083 |    122 |   1498 |   2780 |   4 | 1301.2 |
               +--------+--------+--------+--------+--------+-----+--------+

Top non-repeatable levels by time:
     D:3: 2113 daAuts
     D:1: 1612 daAuts
     D:2: 876 daAuts
     D:4: 602 daAuts
